 Dungeon Crawl Stone Soup version 0.28-a0-1143-gcf6077d4cc (webtiles) character file.

Game seed: 10225319920745665021

9 SensoryNuts the Skirmisher (level 2, 24/24 HPs)
             Began as a Demonspawn Fighter on Dec 13, 2021.
             Quit the game on level 1 of the Dungeon.
             The game lasted 00:00:20 (338 turns).

SensoryNuts the Skirmisher (Demonspawn Fighter)      Turns: 338, Time: 00:00:20

Health: 24/24      AC:  6    Str: 16    XL:     2   Next: 3%
Magic:  2/2        EV:  9    Int:  9    God:
Gold:   0          SH:  4    Dex: 12    Spells: 1/1 levels left

rFire   . . .      SeeInvis .   a - +0 long sword
rCold   . . .      Faith    .   c - +0 buckler
rNeg    . . .      Spirit   .   b - +0 scale mail
rPois   .          Reflect  .   (no helmet)
rElec   .          Harm     .   (no cloak)
rCorr   .          Rampage  .   (no gloves)
Will    .....                   (no boots)
Stlth   ..........              (no amulet)
HPRegen 0.08/turn               (no ring)
MPRegen 0.08/turn               (no ring)

@: no status effects
A: hooves 1
a: no special abilities


You were on level 1 of the Dungeon.
You visited 1 branch of the dungeon, and saw 1 of its levels.

Inventory:

Hand Weapons
 a - a +0 long sword (weapon)
Armour
 b - a +0 scale mail (worn)
 c - a +0 buckler (worn)
Scrolls
 f - a scroll of identify {unknown}
Potions
 d - 2 potions of might
 e - a potion of flight {unknown}


   Skills:
 + Level 3.1 Fighting
 + Level 1.8 Long Blades
 + Level 2.9 Armour
 + Level 2.9 Shields


You had one spell level left.
You didn't know any spells.
Your spell library was empty.

Dungeon Overview and Level Annotations

Branches:
Dungeon (1/15)

Altars:


Innate Abilities, Weirdness & Mutations

You have large cloven feet.


Message History

You are too injured to fight recklessly!
An endoplasm is nearby!
You are too injured to fight recklessly!
You slash the endoplasm!
You kill the endoplasm!
You see here a +0 hunting sling of flaming.
f - a scroll labelled FOPICE DEAKIMM
Found a chain mail.
A ball python comes into view.
The ball python hisses angrily.
An endoplasm comes into view.
You block the ball python's attack. The ball python barely misses you.
You slash the ball python!
You kill the ball python!
The endoplasm hits you but does no damage.
You hit the endoplasm but do no damage.
The endoplasm hits you but does no damage.
You slash the endoplasm!
You kill the endoplasm!
You have reached level 2!
Your demonic ancestry asserts itself...
Your feet thicken and deform.
No target in view!
Found a stone staircase leading down.
There is a stone staircase leading down here.
d - 2 potions of might (gained 1)
A rat comes into view.
Found 20 stones.
A rat is nearby!
You hit the rat.
You kill the rat!
No target in view!
No target in view!
No target in view!
No target in view!
No target in view!
No target in view!
No target in view!
No target in view!
Are you sure you want to abandon this character and quit the game? (Confirm with "yes".)

#### # .$(
....##.########
#....@......#
#...##.######.#
# #. #.#
...#####.#
..#.....#.#####
##. ##........#
## #.....###.#
#...### #.#
#...# #.#


There were no monsters in sight!

Vanquished Creatures
  A ball python (D:1)
  3 endoplasms (D:1)
  A quokka (D:1)
  A bat (D:1)
  2 rats (D:1)
8 creatures vanquished.

Notes
Turn   | Place    | Note
-------+----------+-------------------------------------------
     0 | D:1      | SensoryNuts the Demonspawn Fighter began the quest for the
                  | Orb.
     0 | D:1      | Reached XP level 1. HP: 18/18 MP: 1/1
   297 | D:1      | Gained mutation: You have large cloven feet. [demonic
                  | ancestry]
   297 | D:1      | Reached XP level 2. HP: 24/24 MP: 2/2
   338 | D:1      | Quit the game

Illustrated notes

Levels and vault maps discovered:
D:1:      onia_arrival_mini_maze_b, layout_loops_ring

Action                   || total
-------------------------++-------
Melee: Long sword        ||    23
Armor: Scale mail        ||    12
Dodge: Dodged            ||     9
Block: Buckler           ||     5

Table legend: (Time is in decaauts)
 A = Elapsed time spent in this place.
 B = Non-inter-level travel time spent in this place.
 C = Inter-level travel time spent in this place.
 D = Time resting spent in this place.
 E = Time spent auto-exploring this place.
 F = Levels seen in this place.
 G = Mean time per level.
                   A        B        C        D        E       F      G
               +--------+--------+--------+--------+--------+-----+--------+
         Total |    345 |    345 |      0 |      0 |    292 |   1 |  345.0 |
       Dungeon |    345 |    345 |      0 |      0 |    292 |   1 |  345.0 |
               +--------+--------+--------+--------+--------+-----+--------+

Top non-repeatable levels by time:
     D:1: 345 daAuts
